 Dungeon Crawl Stone Soup version 0.22-a0-354-g30dfbe6 (webtiles) character file.

1 Amnesiac the Grave Robber (level 1, 0/10 HPs)
             Began as a Deep Elf Necromancer on Apr 16, 2018.
             Slain by a hobgoblin (5 damage)
             ... on level 1 of the Dungeon.
             The game lasted 00:00:12 (30 turns).

Amnesiac the Grave Robber (Deep Elf Necromancer)      Turns: 30, Time: 00:00:12

Health: 0/10       AC:  2    Str:  5    XL:     1   Next: 16%
Magic:  2/6        EV: 13    Int: 19    God:
Gold:   0          SH:  0    Dex: 15    Spells: 5/6 levels left

rFire    . . .     SeeInvis .   (no weapon)
rCold    . . .     Gourm    .   (no shield)
rNeg     . . .     Faith    .   a - +0 robe
rPois    .         Spirit   .   (no helmet)
rElec    .         Reflect  .   (no cloak)
rCorr    .         Harm     .   (no gloves)
MR       .....                  (no boots)
Stlth    ++........             (no amulet)
HPRegen  0.03/turn              (no ring)
MPRegen  0.10/turn              (no ring)

@: no status effects
A: no striking features
a: no special abilities


You were on level 1 of the Dungeon.
You were not hungry.

You visited 1 branch of the dungeon, and saw 1 of its levels.

Inventory:

Armour
 a - a +0 robe (worn)
Scrolls
 d - a scroll of identify {!r, unknown}
Potions
 b - a potion of invisibility {!q, unknown}
Comestibles
 c - a ration


   Skills:
 * Level 0.1 Fighting
 - Level 2.4 Dodging
 - Level 2.4 Stealth
 + Level 3.0 Spellcasting
 + Level 4.8 Necromancy


You had 5 spell levels left.
You knew the following spells:

 Your Spells              Type           Power        Failure   Level  Hunger
a - Pain                  Necr           ###.         1%          1    None


Dungeon Overview and Level Annotations

Branches:
Dungeon (1/15)

Altars:


Message History

You open the large door.
There is a large open door here.
You open the large door.
There is a large open door here.
You open the large door.
A kobold comes into view.
The kobold shouts!
Found a black potion.
A kobold is nearby!
A kobold is nearby!
Casting: Pain (safe; 1% risk of failure)
Confirm with . or Enter, or press ? or * to list all spells.
Aiming: Pain (safe; 1% risk of failure)
Press: ? - help, Shift-Dir - straight line, f - kobold
Aim: a kobold (chance to defeat MR: 91%)
The kobold writhes in agony!
You kill the kobold!
Casting: Pain (safe; 1% risk of failure)
Confirm with . or Enter, or press ? or * to list all spells.
You can't see any susceptible monsters within range! (Use Z to cast anyway.)
Casting: Pain (safe; 1% risk of failure)
Confirm with . or Enter, or press ? or * to list all spells.
You can't see any susceptible monsters within range! (Use Z to cast anyway.)
There is a large open door here.
b - a black potion {!q}
d - a scroll labeled YDGHIFR OPIT {!r} Magic restored.
A hobgoblin and a kobold come into view.
There are monsters nearby!
There are monsters nearby!
A frilled lizard comes into view.
The hobgoblin shouts!
You hear a shout!
The frilled lizard hisses angrily.
Found 14 gold pieces.
Casting: Pain (safe; 1% risk of failure)
Confirm with . or Enter, or press ? or * to list all spells.
Aiming: Pain (safe; 1% risk of failure)
Press: ? - help, Shift-Dir - straight line, f - frilled lizard
Aim: a frilled lizard (chance to defeat MR: 91%)
The frilled lizard writhes in agony!
You kill the frilled lizard!
Casting: Pain (safe; 1% risk of failure)
Confirm with . or Enter, or press ? or * to list all spells.
Aiming: Pain (safe; 1% risk of failure)
Press: ? - help, Shift-Dir - straight line, f - hobgoblin
Aim: a hobgoblin (chance to defeat MR: 91%)
The hobgoblin barely resists.
A gnoll comes into view. It is wielding a flail.
Casting: Pain (safe; 1% risk of failure)
Confirm with . or Enter, or press ? or * to list all spells.
Aiming: Pain (safe; 1% risk of failure)
Press: ? - help, Shift-Dir - straight line, f/p - hobgoblin
Aim: a hobgoblin (chance to defeat MR: 91%)
The hobgoblin writhes in agony!
Casting: Pain (safe; 1% risk of failure)
Confirm with . or Enter, or press ? or * to list all spells.
Aiming: Pain (safe; 1% risk of failure)
Press: ? - help, Shift-Dir - straight line, f/p - hobgoblin
Aim: a hobgoblin (moderately wounded, chance to defeat MR: 91%)
The hobgoblin writhes in agony!
There are monsters nearby!
The hobgoblin closely misses you. The hobgoblin hits you.
Ouch! That really hurt!
You die...

.... .. ...## .##
.... ... ..# #.#
####.# #.## #
##....######..###.#
#.............$..%#
##....#######..####.
#.†.......@g....†.$#
#''##########..#####
#..# #.# ###''### .#
#.§§...# g. #.§≈§≈.#
.# #.≈≈≈≈§# ..
#....§.# ###''###


You could see a hobgoblin.

Vanquished Creatures
  A frilled lizard (D:1)
  A kobold (D:1)
2 creatures vanquished.

Notes
Turn   | Place    | Note
-------+----------+-------------------------------------------
     0 | D:1      | Amnesiac the Deep Elf Necromancer began the quest for the Orb.
     0 | D:1      | Reached XP level 1. HP: 10/10 MP: 6/6
    30 | D:1      | Slain by a hobgoblin

Vault maps used:
D:1:      lightli_arrival_lavapool, st_stairs_14

Action                   || total
-------------------------++-------
 Cast: Pain              ||     5
Dodge: Dodged            ||     1

Table legend:
 A = Spawn XP
 B = Non-spawn XP
 C = Spawn XP percentage of total XP
 D = Spawn monster count
 E = Non-spawn monster count
 F = Spawn count percentage of total count
 G = Total turns spent on level
                    A         B        C        D         E        F      G
               +---------+---------+-------+---------+---------+-------+---------
         Total |       0 |       2 |   0.0 |       0 |       2 |   0.0 |    30
               +---------+---------+-------+---------+---------+-------+---------
           D:1 |       0 |       2 |   0.0 |       0 |       2 |   0.0 |    30
               +---------+---------+-------+---------+---------+-------+---------
